[Event "Titled Tuesday Blitz June 20 Late 2023"]
[White "Bolourchifard, Farzad"]
[Black "Dushyant Sharma"]
[WhiteFideId "12510084"]
[BlackFideId "25065130"]
[WhiteElo "2317"]
[BlackElo "2198"]
[Result "1-0"]
[Round "10"]
[TimeControl "180+2"]
[Date "2023.06.20"]
[WhiteClock "0:00:20"]
[BlackClock "0:00:07"]
[Board "27"]

1. d4 d5 2. Nf3 e6 3. c4 Nf6 4. Nc3 Be7 5. Bg5 O-O 6. e3 h6 7. Bxf6 Bxf6 8. cxd5 exd5 9. Bd3 c6 10. O-O Bg4 11. b4 Nd7 12. Rb1 Rc8 13. Na4 Re8 14. Nc5 b6 15. Nxd7 Qxd7 16. Be2 Bf5 17. Bd3 Bg4 18. Be2 Ra8 19. Ne5 Bxe2 20. Nxd7 Bxd1 21. Nxf6+ gxf6 22. Rfxd1 Re6 23. Rdc1 Kf8 24. g3 Ke7 25. Kg2 Kd7 26. Rc3 Ree8 27. a4 Rec8 28. Rbc1 a5 29. Rb3 axb4 30. Rxb4 Ra6 31. Rcb1 Kc7 32. Kf3 Rca8 33. Kf4 c5 34. dxc5 bxc5 35. Rb7+ Kc6 36. Rxf7 Rxa4+ 37. Kf3 c4 38. Rxf6+ Kc5 39. Rbb6 Rc8 40. Rb1 c3 41. Rxh6 Kc4 42. Rh4+ Kd3 43. Rxa4 c2 44. Rc1 Kd2 45. Raa1 Rf8+ 46. Kg2 Rc8 47. h4 Rh8 48. Rh1 Rg8 49. h5 d4 50. exd4 Re8 51. h6 c1=Q 52. Raxc1 Ke2 53. Rhe1+ Kd2 54. Rxe8 1-0


[Site "https://www.chess.com"]

[Event "Titled Tuesday Blitz June 20 Late 2023"]
[White "Ozates, Tuna"]
[Black "Rastbod, Ali"]
[WhiteFideId "6354521"]
[BlackFideId "12567477"]
[WhiteElo "2151"]
[BlackElo "2281"]
[Result "0-1"]
[Round "10"]
[TimeControl "180+2"]
[Date "2023.06.20"]
[WhiteClock "0:00:12"]
[BlackClock "0:00:39"]
[Board "28"]

1. e4 d5 2. exd5 Qxd5 3. Nc3 Qd6 4. d4 Nf6 5. Nf3 a6 6. g3 b5 7. Bg2 Bb7 8. O-O Nbd7 9. Bf4 Qb6 10. a4 b4 11. a5 Qa7 12. Na4 Rc8 13. Re1 e6 14. c4 bxc3 15. bxc3 Bd6 16. Bd2 Qa8 17. c4 O-O 18. c5 Be7 19. h3 Rfd8 20. Qc2 Bd5 21. Nc3 Bxf3 22. Bf1 Nb8 23. Be3 h6 24. Na2 Nc6 25. Qa4 Nd5 26. Rac1 Bf6 27. Rc4 Rb8 28. Nc3 Nxc3 29. Rxc3 Bxd4 30. Bxd4 Nxd4 31. Rd3 Bc6 32. Qa1 Nf3+ 33. Rxf3 Bxf3 0-1


[Site "https://www.chess.com"]

[Event "Titled Tuesday Blitz June 20 Late 2023"]
[White "ATM622"]
[Black "Przybylski, Wojciech"]
[BlackFideId "1117599"]
[WhiteElo "2651"]
[BlackElo "2228"]
[Result "0-1"]
[Round "10"]
[TimeControl "180+2"]
[Date "2023.06.20"]
[WhiteClock "0:00:01"]
[BlackClock "0:00:20"]
[Board "29"]

1. d4 Nf6 2. c4 e6 3. g3 d5 4. Bg2 Bb4+ 5. Nd2 Be7 6. Ngf3 O-O 7. O-O Nbd7 8. Qc2 c6 9. e4 a5 10. b3 a4 11. Bb2 a3 12. Bc3 b5 13. e5 Ne8 14. Rac1 bxc4 15. bxc4 Nb6 16. c5 Na4 17. Ba1 Nc7 18. h4 Nb5 19. Nb3 Ba6 20. Rfd1 Qd7 21. Bf1 Nc7 22. Bd3 Bxd3 23. Rxd3 Rfb8 24. h5 h6 25. Kg2 Qc8 26. g4 Qa6 27. Qd2 Nb2 28. Bxb2 axb2 29. Qxb2 Qxa2 30. Qxa2 Rxa2 31. Nbd2 Nb5 32. Rb1 Rba8 33. Nf1 f6 34. Re1 R8a3 35. Rxa3 Rxa3 36. exf6 Bxf6 37. Rxe6 Nxd4 38. Rxf6 gxf6 39. Nxd4 Rc3 40. Nxc6 Rxc5 41. Nd4 Rc4 42. Nf5 Rxg4+ 43. Kf3 Rg5 44. N1g3 Kh7 45. Kf4 Rg8 46. Ke3 Rg4 47. f4 d4+ 48. Kf3 Rg8 49. Ne4 Rd8 50. Nxf6+ Kh8 51. Ke2 d3+ 52. Kd2 Rf8 53. Kxd3 Rxf6 54. Ke4 Kh7 55. Ke5 Ra6 56. Ne3 Kg7 57. Nf5+ Kh7 58. Ne3 Ra5+ 59. Nd5 Kg7 60. Ke6 Ra6+ 61. Ke5 Kf7 62. Kf5 Ra5 63. Ke5 Ra1 64. Kf5 Ra5 65. Ke5 Ra2 66. Kf5 Rh2 67. Nf6 Rh1 68. Ke5 Ra1 69. Nd5 Ra5 70. Kd6 Ra1 71. Ke5 Rd1 72. f5 Rh1 73. Nf6 Re1+ 74. Ne4 Re2 75. Kd5 Rh2 76. Ke5 Rxh5 77. Kd6 Rxf5 78. Kd7 Ra5 0-1


[Site "https://www.chess.com"]

[Event "Titled Tuesday Blitz June 20 Late 2023"]
[White "Mattheii"]
[Black "Schnaider, Ilan"]
[BlackFideId "169013"]
[WhiteElo "2515"]
[BlackElo "2224"]
[Result "0-1"]
[Round "10"]
[TimeControl "180+2"]
[Date "2023.06.20"]
[WhiteClock "0:00:11"]
[BlackClock "0:00:22"]
[Board "30"]

1. d4 Nf6 2. c4 g6 3. Nc3 d5 4. Bg5 Ne4 5. Bh4 Nxc3 6. bxc3 dxc4 7. e3 b5 8. a4 c6 9. axb5 Qb6 10. Bxc4 Bg7 11. Nf3 cxb5 12. Qb3 Be6 13. Qxb5+ Qxb5 14. Bxb5+ Bd7 15. Bd3 Bc6 16. Ke2 Nd7 17. e4 e6 18. Rhb1 O-O 19. Ra6 Nb6 20. Rba1 f5 21. exf5 exf5 22. Rxa7 Rac8 23. Kd2 Be4 24. Be7 Rfe8 25. Bc5 Nd5 26. Bc4 Bh6+ 27. Kd1 Kh8 28. Bxd5 Bxd5 29. Rd7 Bb3# 0-1


[Site "https://www.chess.com"]

[Event "Titled Tuesday Blitz June 20 Late 2023"]
[White "Delorme, Axel"]
[Black "Zhigalko, Sergei"]
[WhiteFideId "632023"]
[BlackFideId "13502956"]
[WhiteElo "2478"]
[BlackElo "2626"]
[Result "1-0"]
[Round "10"]
[TimeControl "180+2"]
[Date "2023.06.20"]
[WhiteClock "0:00:18"]
[BlackClock "0:00:00"]
[Board "31"]

1. e4 c5 2. Nf3 Nc6 3. Bb5 Nf6 4. e5 Nd5 5. Nc3 Nc7 6. Bxc6 dxc6 7. h3 h6 8. d3 Bf5 9. O-O Ne6 10. a4 g5 11. a5 Bg7 12. Re1 Qc7 13. Bd2 Rd8 14. Ne2 c4 15. d4 g4 16. Nh4 Bh7 17. hxg4 Nxd4 18. Nxd4 Rxd4 19. Qe2 e6 20. Bc3 Re4 21. Qf3 Rxe1+ 22. Rxe1 Bxc2 23. Nf5 exf5 24. gxf5 Bd3 25. f6 Bf8 26. e6 Bd6 27. Qg4 Kd8 28. e7+ Ke8 29. Qg7 Bh2+ 30. Kh1 Kd7 31. Qxh8 Kd6 32. e8=Q Kd5 33. Qd8+ 1-0


[Site "https://www.chess.com"]

[Event "Titled Tuesday Blitz June 20 Late 2023"]
[White "Baskakov, Egor"]
[Black "Ganiev, Roman"]
[WhiteFideId "24197866"]
[BlackFideId "4131452"]
[WhiteElo "2225"]
[BlackElo "2665"]
[Result "1-0"]
[Round "10"]
[TimeControl "180+2"]
[Date "2023.06.20"]
[WhiteClock "0:00:17"]
[BlackClock "0:00:00"]
[Board "32"]

1. e4 c5 2. Nf3 d6 3. d4 cxd4 4. Nxd4 Nf6 5. Nc3 a6 6. a4 e5 7. Nde2 Be7 8. g3 O-O 9. Bg2 Be6 10. h3 Nbd7 11. g4 Rc8 12. O-O h6 13. Re1 Re8 14. Ng3 Nf8 15. Nf5 Ng6 16. a5 Bf8 17. Be3 Nf4 18. Bxf4 exf4 19. Qd2 g5 20. Red1 Bxf5 21. exf5 Rc5 22. Nd5 Nxd5 23. Bxd5 Re5 24. c4 Qe7 25. b4 Rc8 26. Re1 Bg7 27. Rxe5 Bxe5 28. Re1 Kg7 29. Kg2 Qf6 30. Qd3 Rc7 31. Rb1 Re7 32. b5 Bd4 33. Qf3 Bc5 34. Bxb7 Qd4 35. Bd5 axb5 36. cxb5 Re5 37. Bc6 d5 38. b6 Qc4 39. b7 Re2 40. Rf1 Rb2 41. Qxd5 Qc3 42. Qf3 Qd4 43. a6 Kf6 44. Be4 Kg7 45. Bc2 1-0


[Site "https://www.chess.com"]

[Event "Titled Tuesday Blitz June 20 Late 2023"]
[White "Jaskolka, Tomasz"]
[Black "Simonian, Hrair"]
[WhiteFideId "1170791"]
[BlackFideId "13302337"]
[WhiteElo "2155"]
[BlackElo "2447"]
[Result "0-1"]
[Round "10"]
[TimeControl "180+2"]
[Date "2023.06.20"]
[WhiteClock "0:00:16"]
[BlackClock "0:00:29"]
[Board "33"]

1. d4 Nf6 2. Nc3 d5 3. Bf4 a6 4. e3 e6 5. Nf3 c5 6. h4 Nc6 7. Be2 Bd6 8. dxc5 Bxc5 9. Ne5 Bd6 10. Nxc6 bxc6 11. Bxd6 Qxd6 12. g3 Rb8 13. Rb1 e5 14. Qd2 Bf5 15. Bd3 Bg4 16. Bxa6 Bf3 17. Rg1 O-O 18. Be2 Bxe2 19. Qxe2 d4 20. Nd1 c5 21. b3 e4 22. Nb2 Nd5 23. Nc4 Qf6 24. Qd2 Nc3 25. Ra1 Rbd8 26. exd4 cxd4 27. a4 e3 28. fxe3 dxe3 29. Qg2 Ne4 30. Rd1 Qf2+ 31. Qxf2 exf2+ 32. Ke2 fxg1=Q 33. Rxg1 Nc3+ 34. Kf3 Rc8 35. a5 Rfd8 36. Ra1 Ra8 37. a6 Nb5 38. Nb6 Ra7 39. c4 Nd4+ 40. Ke4 Nxb3 41. Nd5 Nxa1 42. Nb4 Nb3 43. Nc6 Re8+ 44. Kd5 Rxa6 45. Nb4 Ra5+ 46. Kd6 Nd4 47. g4 Re6+ 48. Kd7 Ra7+ 49. Kd8 Nc6+ 50. Nxc6 Rxc6 51. c5 Rxc5 52. g5 Rb5 53. Kc8 Re5 54. h5 Re8# 0-1


[Site "https://www.chess.com"]

[Event "Titled Tuesday Blitz June 20 Late 2023"]
[White "Maksimovic, Bojan"]
[Black "Fishbein, Alexander"]
[WhiteFideId "14408120"]
[BlackFideId "2000377"]
[WhiteElo "2457"]
[BlackElo "2403"]
[Result "1/2-1/2"]
[Round "10"]
[TimeControl "180+2"]
[Date "2023.06.20"]
[WhiteClock "0:00:04"]
[BlackClock "0:00:18"]
[Board "34"]

1. e4 e5 2. Nf3 Nc6 3. c3 Nf6 4. d4 Nxe4 5. d5 Ne7 6. Nxe5 Ng6 7. Nxg6 hxg6 8. Qe2 Qe7 9. Be3 d6 10. Nd2 Nxd2 11. Qxd2 Bf5 12. O-O-O a6 13. f3 O-O-O 14. g4 Bd7 15. Qd4 Re8 16. Bf2 Qg5+ 17. Kb1 Kd8 18. Bd3 Qe5 19. h3 Qxd4 20. Bxd4 Rh7 21. h4 Rh6 22. Kc2 Be7 23. g5 Rh7 24. f4 Reh8 25. Bf2 Bf5 26. Bxf5 gxf5 27. Rh3 Kd7 28. Rdh1 Rh5 29. Kd3 f6 30. g6 c6 31. c4 cxd5 32. cxd5 Rc8 33. Be3 b5 34. Rc1 Rxc1 35. Bxc1 Bd8 36. Be3 Ba5 37. a3 Be1 38. Ke2 Rxh4 39. Rxh4 Bxh4 40. Bd4 a5 41. b3 a4 42. b4 Bg3 43. Bxf6 Bxf4 44. Bxg7 Ke7 45. Bb2 Bh6 46. Kf3 Kf8 47. Kg3 Bg7 48. Bc1 Be5+ 49. Kh4 Kg7 50. Kg5 f4 51. Bxf4 Bxf4+ 52. Kxf4 Kxg6 53. Kg4 Kf6 54. Kf4 Kg6 55. Kg4 Kf6 56. Kf4 Kg6 1/2-1/2


[Site "https://www.chess.com"]

[Event "Titled Tuesday Blitz June 20 Late 2023"]
[White "Maximov, Dmitry"]
[Black "Moral Garcia, Serafin"]
[WhiteFideId "14105659"]
[BlackFideId "2201925"]
[WhiteElo "2494"]
[BlackElo "2274"]
[Result "0-1"]
[Round "10"]
[TimeControl "180+2"]
[Date "2023.06.20"]
[WhiteClock "0:00:43"]
[BlackClock "0:00:15"]
[Board "35"]

1. e4 e5 2. Nf3 Nf6 3. Nxe5 d6 4. Nf3 Nxe4 5. d4 d5 6. Bd3 Nc6 7. O-O Be7 8. c4 Nb4 9. Be2 Bf5 10. a3 Nc6 11. cxd5 Qxd5 12. Nc3 Nxc3 13. bxc3 O-O 14. Be3 Bf6 15. Nd2 Qd7 16. Bf3 Rad8 17. Re1 Rfe8 18. Qb3 b6 19. a4 Na5 20. Qb5 Qxb5 21. axb5 Bd3 22. Bf4 Bxb5 23. Bxc7 Rc8 24. Rxe8+ Bxe8 25. Rxa5 bxa5 26. Bxa5 Bxd4 27. Bg4 Rc5 28. Bb4 Rg5 29. h3 Bb6 30. Ne4 Rd5 31. Nd6 Ba4 32. c4 Re5 33. Bc3 Rc5 34. Bf3 Bc7 35. Ne4 Rxc4 36. Bb2 Bc6 37. Nd2 Rc2 38. Bxc6 Rxc6 39. Bd4 Rc1+ 40. Nf1 a5 41. f3 a4 42. Kf2 a3 43. Nd2 a2 44. Nb3 Rb1 45. Na1 Bb6 46. Bxb6 Rxb6 0-1


[Site "https://www.chess.com"]

[Event "Titled Tuesday Blitz June 20 Late 2023"]
[White "Piesik, Piotr"]
[Black "Makridis, Dimitrios"]
[WhiteFideId "1136194"]
[BlackFideId "25864475"]
[WhiteElo "2303"]
[BlackElo "2277"]
[Result "1-0"]
[Round "10"]
[TimeControl "180+2"]
[Date "2023.06.20"]
[WhiteClock "0:00:06"]
[BlackClock "0:00:06"]
[Board "36"]

1. Nf3 Nf6 2. g3 g6 3. Bg2 Bg7 4. O-O O-O 5. d4 d5 6. c4 dxc4 7. Na3 c5 8. dxc5 c3 9. bxc3 Ne4 10. Bb2 Nxc5 11. Nd4 Bd7 12. Rb1 Qc8 13. Nc4 Nc6 14. Ba3 Nxd4 15. cxd4 Na4 16. Rc1 Qd8 17. Bxb7 Rb8 18. Bg2 Bb5 19. e3 Nb6 20. Nxb6 Bxf1 21. Nd5 Bxg2 22. Nxe7+ Kh8 23. Kxg2 Re8 24. Nc6 Qd5+ 25. Qf3 Qxf3+ 26. Kxf3 Rb6 27. Nxa7 Ra6 28. Nb5 Ra5 29. Nd6 Rea8 30. Bb4 Ra4 31. a3 Kg8 32. Rc7 Bf8 33. Nxf7 Bxb4 34. Nh6+ Kh8 35. axb4 Rxb4 36. d5 Rb2 37. Rf7 Rd2 38. e4 Re8 39. Ng4 Rd3+ 40. Ne3 Kg8 41. Ra7 Rd4 42. Ng4 Rf8+ 43. Ke3 Rd1 44. e5 h5 45. Nf6+ Kh8 46. Rh7# 1-0


[Site "https://www.chess.com"]

[Event "Titled Tuesday Blitz June 20 Late 2023"]
[White "Turayev, Shahruh"]
[Black "WindWhistler11"]
[WhiteFideId "14003856"]
[WhiteElo "2113"]
[BlackElo "2565"]
[Result "0-1"]
[Round "10"]
[TimeControl "180+2"]
[Date "2023.06.20"]
[WhiteClock "0:00:13"]
[BlackClock "0:00:08"]
[Board "37"]

1. e4 e6 2. Nc3 d5 3. exd5 exd5 4. d4 Nf6 5. Bg5 Be7 6. Bd3 O-O 7. Qd2 c5 8. dxc5 Nbd7 9. O-O-O Nxc5 10. Nf3 Bg4 11. Rhe1 Re8 12. Kb1 Bxf3 13. gxf3 Nfe4 14. Bxe4 Bxg5 15. Qxd5 Nxe4 16. fxe4 Qf6 17. e5 Qf5 18. e6 fxe6 19. Qxb7 Rab8 20. Qe4 Qc5 21. Qe5 Rxb2+ 22. Kxb2 Qb4+ 23. Ka1 Bf6 24. Re4 Bxe5 25. Rxb4 Bxc3+ 26. Rb2 Rb8 27. Rb1 Rf8 28. a3 Rxf2 29. Ka2 Bxb2 30. Rxb2 Rxh2 31. Rb8+ Kf7 32. Kb3 g5 33. c4 g4 34. Rb7+ Kf6 35. Rxa7 g3 36. Ra8 Rh6 37. Rf8+ Ke5 38. Rf1 Rg6 39. Kb4 h5 40. c5 h4 41. Kb5 g2 42. c6 gxf1=Q+ 0-1


[Site "https://www.chess.com"]

[Event "Titled Tuesday Blitz June 20 Late 2023"]
[White "Ortega Amarelle, Mariano"]
[Black "Haydon, David L"]
[WhiteFideId "3504301"]
[BlackFideId "415405"]
[WhiteElo "2392"]
[BlackElo "2326"]
[Result "0-1"]
[Round "10"]
[TimeControl "180+2"]
[Date "2023.06.20"]
[WhiteClock "0:00:00"]
[BlackClock "0:01:07"]
[Board "38"]

1. Nf3 c6 2. b3 d5 3. Bb2 Bf5 4. g3 e6 5. Bg2 Nf6 6. O-O Bd6 7. d3 h6 8. Nbd2 Bh7 9. Re1 O-O 10. e4 dxe4 11. dxe4 Bc5 12. h3 Nh5 13. Kf1 Nd7 14. Nc4 Qe7 15. Nfd2 Qg5 16. h4 Qxg3 17. Ne3 Qxh4 18. Nf3 Qe7 19. a3 Bxe4 20. b4 Bb6 21. c4 Nf4 22. c5 Bc7 23. Bh1 Rfd8 24. Ng4 f5 25. Qd4 Ne5 26. Ngxe5 Rxd4 27. Bxd4 Bxe5 28. Bxe5 Nd3 29. Bc3 Nxe1 30. Rxe1 Rd8 31. Be5 Rd3 32. Re3 Rd1+ 33. Re1 Rxe1+ 34. Kxe1 Qf7 0-1


[Site "https://www.chess.com"]

[Event "Titled Tuesday Blitz June 20 Late 2023"]
[White "Suarez Uriel, Adrian"]
[Black "Goryachkina, Aleksandra"]
[WhiteFideId "22230874"]
[BlackFideId "4147103"]
[WhiteElo "2331"]
[BlackElo "2471"]
[Result "0-1"]
[Round "10"]
[TimeControl "180+2"]
[Date "2023.06.20"]
[WhiteClock "0:00:23"]
[BlackClock "0:00:10"]
[Board "39"]

1. e4 c6 2. Nc3 d5 3. Nf3 dxe4 4. Nxe4 Nf6 5. Qe2 Nxe4 6. Qxe4 Nd7 7. Bc4 Nf6 8. Ne5 e6 9. Qe2 Bd6 10. d4 Qc7 11. O-O b5 12. Bd3 Bb7 13. h3 a6 14. a4 h6 15. b3 O-O 16. Ba3 Bxa3 17. Rxa3 b4 18. Raa1 c5 19. dxc5 Qxc5 20. a5 Rfd8 21. Rfd1 Rd5 22. Re1 Rad8 23. Bc4 R5d6 24. Qe3 Qxe3 25. Rxe3 Rd1+ 26. Re1 R1d2 27. Bd3 Nd5 28. Nc4 Rxd3 29. cxd3 Nf4 30. Ne3 Nxd3 31. Red1 e5 32. Ra4 Rd4 33. Nc2 Rd5 34. Rb1 Rb5 35. f3 f5 36. Rd1 e4 37. fxe4 Bxe4 38. Ne3 Nc5 39. Ra2 Nxb3 40. Nc4 Nc5 41. Nd6 Rb8 42. Nxe4 fxe4 43. Kf2 b3 44. Rb2 Nd3+ 45. Rxd3 exd3 46. Ke3 Rb5 47. Kxd3 Kf7 48. Kc4 Ke6 49. Rxb3 Rxb3 50. Kxb3 Kd5 51. Kb4 Kd4 52. g4 g5 53. Kb3 Kc5 54. Kc3 Kb5 55. Kd4 Kxa5 56. Ke5 Kb5 57. Kf6 a5 58. Kg6 a4 59. Kxh6 a3 60. Kxg5 a2 61. h4 a1=Q 62. h5 Qg7+ 63. Kf5 Qh6 64. g5 Qxh5 65. Kf6 Qh4 66. Kf5 Qf2+ 0-1


[Site "https://www.chess.com"]

[Event "Titled Tuesday Blitz June 20 Late 2023"]
[White "Howell, David W L"]
[Black "Adewumi, Tanitoluwa"]
[WhiteFideId "410608"]
[BlackFideId "30966396"]
[WhiteElo "2567"]
[BlackElo "2668"]
[Result "1-0"]
[Round "10"]
[TimeControl "180+2"]
[Date "2023.06.20"]
[WhiteClock "0:00:19"]
[BlackClock "0:00:00"]
[Board "40"]

1. e4 c5 2. Nc3 e6 3. Nge2 Nc6 4. g3 Nf6 5. Bg2 d5 6. exd5 exd5 7. d4 cxd4 8. Nxd4 Bc5 9. Nb3 Bb6 10. O-O Be6 11. Na4 O-O 12. Re1 Re8 13. Nxb6 axb6 14. Be3 Ne4 15. c3 Ne5 16. Bd4 Nc4 17. Re2 Bf5 18. a3 Qd7 19. Qe1 Qb5 20. Qd1 h6 21. h3 Bg6 22. Kh2 Ng5 23. Rxe8+ Rxe8 24. a4 Qd7 25. h4 Ne4 26. Ra2 Qf5 27. Qf3 Qxf3 28. Bxf3 f6 29. Kg2 Bf7 30. Nc1 Ncd2 31. Bd1 g5 32. b3 Nb1 33. Ne2 Rc8 34. Rc2 Nbd2 35. f3 Nxb3 36. fxe4 dxe4 37. Bxf6 1-0


[Site "https://www.chess.com"]

[Event "Titled Tuesday Blitz June 20 Late 2023"]
[White "Kovalevsky, Stanislav"]
[Black "Czerw, Dawid"]
[WhiteFideId "13508598"]
[BlackFideId "1145746"]
[WhiteElo "2112"]
[BlackElo "2144"]
[Result "1-0"]
[Round "10"]
[TimeControl "180+2"]
[Date "2023.06.20"]
[WhiteClock "0:00:19"]
[BlackClock "0:00:04"]
[Board "41"]

1. c4 c6 2. e4 g6 3. Nc3 Bg7 4. g3 d6 5. Bg2 Nd7 6. d3 Ngf6 7. Nge2 O-O 8. O-O e5 9. b4 a5 10. b5 Nc5 11. Ba3 Nfd7 12. Rb1 f5 13. bxc6 bxc6 14. exf5 gxf5 15. Bxc6 Ra7 16. Bd5+ Kh8 17. d4 exd4 18. Nb5 Ra6 19. Nbxd4 Ne5 20. Nf4 Qf6 21. Nh5 Qh6 22. Bc1 Qg6 23. Nxg7 Qxg7 24. Rb8 Ned7 25. Rb1 f4 26. Kh1 fxg3 27. fxg3 Nf6 28. Bg2 Ra7 29. Nf5 Bxf5 30. Rxf5 Nce4 31. Bb2 Re7 32. Qf3 Nd2 33. Bxf6 Rxf6 34. Qa8+ Qg8 35. Rb8 Re1+ 36. Bf1 Rxf1+ 37. Rxf1 Rxf1+ 38. Kg2 Qxb8 39. Qxb8+ Kg7 40. Qc7+ Kg6 41. Qxd6+ Rf6 42. Qxd2 Kf7 43. Qd5+ Ke7 44. c5 Re6 45. c6 Rd6 46. Qe5+ Re6 47. Qc7+ Kf6 48. Qb7 Re2+ 49. Kh3 Rb2 50. Qxb2+ 1-0


[Site "https://www.chess.com"]

[Event "Titled Tuesday Blitz June 20 Late 2023"]
[White "Avila Pavas, Santiago"]
[Black "Isajevsky, Anton"]
[WhiteFideId "4437128"]
[BlackFideId "4142500"]
[WhiteElo "2449"]
[BlackElo "2510"]
[Result "0-1"]
[Round "10"]
[TimeControl "180+2"]
[Date "2023.06.20"]
[WhiteClock "0:00:15"]
[BlackClock "0:00:11"]
[Board "42"]

1. d4 d5 2. Nf3 Nf6 3. Bg5 e6 4. Nbd2 Be7 5. e3 h6 6. Bh4 c5 7. c3 O-O 8. Bd3 b6 9. e4 Ba6 10. Qe2 Bxd3 11. Qxd3 Nc6 12. dxc5 dxe4 13. Qxd8 Rfxd8 14. Bxf6 gxf6 15. Nxe4 f5 16. Ned2 Bxc5 17. Ke2 Rd5 18. Nb3 Rad8 19. Nxc5 Rxc5 20. Rad1 Rcd5 21. Rxd5 Rxd5 22. c4 Rd6 23. a3 Kf8 24. Ke3 a5 25. Rc1 Ke7 26. c5 bxc5 27. Rxc5 f6 28. Rb5 e5 29. h3 f4+ 30. Ke2 Ke6 31. Rb6 Kd5 32. Rb7 e4 33. Nh4 Nd4+ 34. Kf1 Kc4 35. Re7 Kd3 36. Ng6 f3 37. Nf4+ Kc2 38. Rxe4 Kxb2 39. a4 Kb3 40. gxf3 f5 41. Re5 Kxa4 42. Nd3 Nb3 43. Nb2+ Kb4 44. Rxf5 a4 45. Rf4+ Nd4 46. Nd3+ Kb3 47. Nc5+ Ka3 48. Re4 Rd5 49. f4 Rxc5 50. Rxd4 Kb3 51. Rd8 Rc4 52. f5 a3 53. Rb8+ Rb4 54. Ra8 a2 55. f6 Ra4 56. Rb8+ Kc4 57. Rc8+ Kd5 58. f7 a1=Q+ 59. Kg2 Qg7+ 60. Kh2 Qxf7 61. Rd8+ Ke6 62. Rd2 Kf6 63. Kg2 Kg7 64. Rd3 Ra6 65. Rg3+ Rg6 66. Kh2 Rxg3 67. Kxg3 Kg6 68. h4 h5 69. f4 Qf5 70. Kg2 Qg4+ 71. Kh2 Kf5 72. Kh1 Kxf4 73. Kh2 Kf3 74. Kh1 Qg2# 0-1


[Site "https://www.chess.com"]

[Event "Titled Tuesday Blitz June 20 Late 2023"]
[White "Goltsev, Dmitry"]
[Black "Mendez Fortes, Eduardo Jesus"]
[WhiteFideId "24176710"]
[BlackFideId "3502376"]
[WhiteElo "2356"]
[BlackElo "2307"]
[Result "1-0"]
[Round "10"]
[TimeControl "180+2"]
[Date "2023.06.20"]
[WhiteClock "0:00:34"]
[BlackClock "0:00:04"]
[Board "43"]

1. e4 c5 2. Nf3 d6 3. d4 cxd4 4. Nxd4 Nf6 5. Nc3 a6 6. f3 e5 7. Nb3 Be6 8. Be3 Be7 9. Nd5 Nbd7 10. c4 O-O 11. Bd3 b5 12. Nxe7+ Qxe7 13. cxb5 axb5 14. O-O d5 15. Bxb5 d4 16. Bg5 Qb4 17. Bd3 Rxa2 18. Rxa2 Bxb3 19. Qa1 Bxa2 20. Qxa2 h6 21. Bh4 Rb8 22. Bc4 Qe7 23. Rb1 g5 24. Be1 Kg7 25. b4 g4 26. Kh1 Nb6 27. Bb3 gxf3 28. gxf3 Nh5 29. Bd2 Nf4 30. Bxf4 exf4 31. Rg1+ Kh8 32. Bxf7 Nd7 33. Qd5 Ne5 34. Qxd4 Rxb4 35. Qc3 Kh7 36. Bg8+ Kh8 37. Qc8 Qb7 38. Qf8 Ng4 39. Bf7+ Kh7 40. Qg8# 1-0


[Site "https://www.chess.com"]

[Event "Titled Tuesday Blitz June 20 Late 2023"]
[White "Ghazarian, Kirk"]
[Black "Pinheiro, Iung Alicio de O."]
[WhiteFideId "30908604"]
[BlackFideId "2104350"]
[WhiteElo "2346"]
[BlackElo "2283"]
[Result "1-0"]
[Round "10"]
[TimeControl "180+2"]
[Date "2023.06.20"]
[WhiteClock "0:01:50"]
[BlackClock "0:00:00"]
[Board "44"]

1. d4 Nf6 2. Nf3 e6 3. Bf4 d5 4. e3 Bd6 5. Bd3 c5 6. c3 Qc7 7. Bxd6 Qxd6 8. Nbd2 Nbd7 9. O-O O-O 10. e4 cxd4 11. cxd4 dxe4 12. Nxe4 Nxe4 13. Bxe4 Nf6 14. Bc2 b6 15. Qe2 Bb7 16. Rfd1 Rfd8 17. Rac1 Rac8 18. Bb3 g6 19. h3 Kg7 20. a3 Rxc1 21. Rxc1 Bxf3 22. Qxf3 Qxd4 23. Rd1 Qxb2 24. Rxd8 Qxa3 25. Rd1 a5 26. Bc4 Qc5 27. Be2 b5 28. Qe3 Qc6 29. Rc1 Qd6 30. Bxb5 Qb4 31. Be2 Nd5 32. Qe5+ Kh6 33. Kh2 Qd2 34. Rc4 1-0


[Site "https://www.chess.com"]

[Event "Titled Tuesday Blitz June 20 Late 2023"]
[White "Yuan, Qingyu"]
[Black "Karamsetty, Jeevan"]
[WhiteFideId "8609772"]
[BlackFideId "2025337"]
[WhiteElo "2359"]
[BlackElo "2131"]
[Result "1-0"]
[Round "10"]
[TimeControl "180+2"]
[Date "2023.06.20"]
[WhiteClock "0:00:36"]
[BlackClock "0:00:09"]
[Board "45"]

1. e4 e5 2. Nf3 d6 3. d4 exd4 4. Nxd4 Nf6 5. Nc3 Be7 6. g3 O-O 7. Bg2 Nc6 8. O-O Bd7 9. b3 Nxd4 10. Qxd4 c5 11. Qd3 Bc6 12. a4 Qc7 13. Bb2 Rad8 14. Nd5 Nxd5 15. exd5 Bd7 16. Rfe1 Rfe8 17. Be4 h6 18. Qf3 Bf8 19. Re3 Re7 20. Rae1 Rde8 21. c4 Bc8 22. h4 Qd7 23. Bc2 Rxe3 24. Rxe3 Rxe3 25. Qxe3 Qg4 26. Qd3 f5 27. Bc1 Bd7 28. Bf4 g5 29. Bd1 Qh3 30. hxg5 hxg5 31. Bxg5 Bg7 32. Bf4 Bd4 33. Bxd6 Be8 34. Bf4 Qh7 35. Qe2 Bf7 36. Kg2 Qg6 37. Qe7 Qb6 38. d6 Kg7 39. Bf3 Bf6 40. Be5 Bxe5 41. Qxe5+ Kg6 42. d7 Qd8 43. Qd6+ Kg7 44. Bxb7 Bh5 45. Bc6 Kf7 46. a5 Bg6 47. a6 f4 48. g4 Bh7 49. Bd5+ Kg7 50. Qe5+ Kh6 51. Qe6+ Kg7 52. Qf7+ Kh6 53. Qe8 Qh4 54. Qh5+ Qxh5 55. gxh5 f3+ 56. Kxf3 Kg5 57. d8=Q+ Kh6 58. Bf7 Be4+ 59. Kxe4 Kg7 60. Bg6 Kh6 61. b4 cxb4 62. Kf5 b3 63. Qg8 b2 64. Qh7# 1-0


[Site "https://www.chess.com"]

[Event "Titled Tuesday Blitz June 20 Late 2023"]
[White "Velikanov, Alexander"]
[Black "Kochiev, Ivan"]
[WhiteFideId "2039290"]
[BlackFideId "2917890"]
[WhiteElo "2259"]
[BlackElo "2287"]
[Result "1/2-1/2"]
[Round "10"]
[TimeControl "180+2"]
[Date "2023.06.20"]
[WhiteClock "0:00:07"]
[BlackClock "0:00:10"]
[Board "46"]

1. e4 c5 2. Nf3 d6 3. d4 cxd4 4. Nxd4 Nf6 5. Nc3 Nc6 6. Bc4 e6 7. O-O a6 8. a4 Be7 9. Be3 O-O 10. f4 Qc7 11. Kh1 Nxd4 12. Qxd4 e5 13. Qd3 exf4 14. Rxf4 Be6 15. Bxe6 fxe6 16. Raf1 Nd7 17. Bd4 Rxf4 18. Rxf4 e5 19. Nd5 Qd8 20. Qb3 Kh8 21. Rf7 exd4 22. Nxe7 Nc5 23. Qg3 Ne6 24. Qg4 Qa5 25. h3 Ng5 26. Rf1 Re8 27. Qh5 Qd8 28. Qxg5 Rxe7 29. Qf5 h6 30. Qd5 Qe8 31. Qxd4 Rxe4 32. Qxd6 Qxa4 33. Rf8+ Kh7 34. Qd3 Qd4 35. Qxd4 Rxd4 36. Rf7 Rd1+ 37. Kh2 Rd2 38. Rxb7 Rxc2 39. Rb6 a5 40. Rb5 Rd2 41. Rxa5 Rxb2 42. Rf5 Rb6 43. Rf3 Ra6 44. Rg3 Rb6 45. Rf3 Ra6 46. Rg3 Rb6 47. Rf3 1/2-1/2


[Site "https://www.chess.com"]

[Event "Titled Tuesday Blitz June 20 Late 2023"]
[White "Bilan, Danila"]
[Black "Salimova, Nurgyul"]
[WhiteFideId "24161918"]
[BlackFideId "2915138"]
[WhiteElo "2146"]
[BlackElo "2343"]
[Result "1-0"]
[Round "10"]
[TimeControl "180+2"]
[Date "2023.06.20"]
[WhiteClock "0:00:18"]
[BlackClock "0:00:00"]
[Board "47"]

1. d4 Nf6 2. Nf3 d5 3. c4 e6 4. Nc3 c6 5. Bg5 h6 6. Bh4 dxc4 7. e4 g5 8. Bg3 b5 9. h4 g4 10. Ne5 Qb6 11. Nxg4 Nxg4 12. Qxg4 Qxd4 13. Rd1 Qg7 14. Qh5 Nd7 15. Be2 Be7 16. O-O Rg8 17. Bf3 Bb7 18. Nxb5 Bc5 19. Rxd7 Kxd7 20. Qxc5 cxb5 21. Rd1+ Ke8 22. Qxb5+ Ke7 23. Bd6+ Kf6 24. Be5+ Kg6 25. Bxg7 Rab8 26. Be5 1-0


[Site "https://www.chess.com"]